 Dungeon Crawl Stone Soup version 0.29.1-15-g9cfb28693d (console) character file.

Game seed: 9810406577220903037

86 om the Grave Robber (level 4, -4/30 HPs)
             Began as a Vampire Necromancer on Apr 25, 2023.
             Slain by a white imp (5 damage)
             ... on level 3 of the Dungeon.
             The game lasted 00:07:51 (2318 turns).

om the Grave Robber (Vampire Necromancer)           Turns: 2318, Time: 00:07:52

Health: -4/30      AC:  2    Str:  7    XL:     4   Next: 26%
Magic:  8/8        EV: 13    Int: 19    God:
Gold:   126        SH:  0    Dex: 14    Spells: 8/9 levels left

rFire   . . .      SeeInvis +   a - +2 dagger (flame)
rCold   . . .      Faith    .   (no shield)
rNeg    . . .      Spirit   .   d - +0 robe
rPois   .          Reflect  .   (no helmet)
rElec   .          Harm     .   (no cloak)
rCorr   .          Rampage  .   (no gloves)
Will    .....                   (no boots)
Stlth   +++.......              (no amulet)
HPRegen 0.30/turn               (no ring)
MPRegen 0.11/turn               (no ring)

@: healing quickly
A: alive, fangs 3, see invisible, vampiric 2
a: Exsanguinate


You were on level 3 of the Dungeon.
You visited 1 branch of the dungeon, and saw 3 of its levels.

You collected 126 gold pieces.

Inventory:

Hand Weapons
 a - a +2 dagger of flaming (weapon)
Armour
 d - a +0 robe (worn)
Scrolls
 b - a scroll of teleportation {unknown}
 e - a scroll of fear {unknown}
 f - a scroll of silence {unknown}
 g - a scroll of noise {unknown}
 h - a scroll of blinking {unknown}
 i - a scroll of enchant armour {unknown}
 j - a scroll of amnesia {unknown}
Potions
 c - a potion of lignification {unknown}
 k - a potion of magic


   Skills:
 + Level 3.0 Dodging
 + Level 4.1 Stealth
 * Level 3.0 Spellcasting
 + Level 4.9 Necromancy


You had 8 spell levels left.
You knew the following spells:

 Your Spells              Type           Power      Damage    Failure   Level
a - Necrotise             Necr           84%        1d8       1%          1

Your spell library contained the following spells:

 Spells                   Type           Power      Damage    Failure   Level
 Vampiric Draining        Necr           21%        2d7       6%          3
 Slow                     Hex            8%         N/A       16%         1
 Animate Dead             Necr           21%        N/A       21%         4
 Confusing Touch          Hex            2%         N/A       41%         3
 Agony                    Necr           21%        N/A       50%         5


Dungeon Overview and Level Annotations

Branches:
Dungeon (3/15)

Altars:
Hepliaklqana
Vehumet


Innate Abilities, Weirdness & Mutations

Your natural rate of healing is accelerated.
You have razor-sharp teeth.
You have supernaturally acute eyesight. (SInv)
You are afflicted with vampirism and can become a bat while bloodless.


Message History

The white imp is heavily wounded.
The white imp closely misses you.
You barely miss the white imp.
The white imp is heavily wounded.
The white imp closely misses you.
You hit the white imp. You burn the white imp. You bite the white imp.
The white imp is severely wounded.
The white imp barely misses you.
You barely miss the white imp.
The white imp is severely wounded.
The white imp gestures at you. The puff of frost hits you!
You hit the white imp but do no damage.
The white imp is severely wounded.
The white imp hits you. The white imp freezes you.
You hit the white imp but do no damage.
The white imp is severely wounded.
The white imp hits you. The white imp freezes you.
* * * LOW HITPOINT WARNING * * *
You hit the white imp. You burn the white imp.
The white imp is almost dead.
The white imp hits you.
* * * LOW HITPOINT WARNING * * *
The white imp freezes you.
* * * LOW HITPOINT WARNING * * *
You closely miss the white imp.
The white imp is almost dead.
The white imp barely misses you.
Okay, then.
You barely miss the white imp.
You bite the white imp, but do no damage.
The white imp is almost dead.
The white imp gestures at you. The puff of frost misses you.
You hit the white imp but do no damage.
The white imp is almost dead.
The white imp hits you.
* * * LOW HITPOINT WARNING * * *
The white imp freezes you.
You die...

#.#.# ##.#.#
########...(##
#........#...####
#.######.........
##.#.##### #.#.#
#.#.#
######.#.######.
.................
..##..##.@.......
....# ##.5.###..
#..# #..## #..
.!## #. ... .
.#.. .#..# #....#


You could see a white imp.

Vanquished Creatures
  2 adders (D:3)
  2 worms
  5 ball pythons
  2 endoplasms (D:1)
  4 giant cockroaches (D:1)
  6 goblins
  5 hobgoblins
  3 jackals (D:1)
  5 quokkas
  6 bats
  2 frilled lizards
  3 kobolds (D:1)
  7 rats
52 creatures vanquished.

Vanquished Creatures (collateral kills)
  2 ball pythons
  A frilled lizard (D:3)
  A rat (D:3)
4 creatures vanquished.

Grand Total: 56 creatures vanquished

Notes
Turn   | Place    | Note
-------+----------+-------------------------------------------
     0 | D:1      | om the Vampire Necromancer began the quest for the Orb.
     0 | D:1      | Reached XP level 1. HP: 13/13 MP: 3/3
   169 | D:1      | Reached XP level 2. HP: 19/19 MP: 1/5
   521 | D:1      | Gained mutation: You are afflicted with vampirism and can
                  | become a bat while bloodless. [Vampire growth]
   521 | D:1      | Reached XP level 3. HP: 22/24 MP: 0/6
  1942 | D:3      | Found a radiant altar of Vehumet.
  2015 | D:3      | Found a hazy altar of Hepliaklqana.
  2071 | D:3      | Reached XP level 4. HP: 30/30 MP: 8/8
  2318 | D:3      | HP: 1/30 [white imp (3)]
  2318 | D:3      | Slain by a white imp

Illustrated notes

Levels and vault maps discovered:
D:1:      nzn_arrival_crosshair, layout_basic, hangedman_feature_mirror
D:2:      layout_loops_ring
D:3:      layout_loops_ring, nicolae_vehumet_radiance,
          nicolae_yredelemnul_corpse_copse, mainiacjoe_overflow_alcove_1,
          dreamdust_ecumenical_altar_angels_and_demons, serial_glass,
          glass_columns_b, glass_columns_a, glass_columns_b, glass_columns_a,
          palyth_stone_intersect

Skill      XL: |  1  2  3  4 |
---------------+-------------+-----
Stealth        | 4 |  4.1
Dodging        | 3 |  3.0
Spellcasting   | 3 |  3.0
Necromancy     | |  4.9

Action                   |  1- 3 |  4- 6 || total
-------------------------+-------+-------++-------
Melee: Unarmed           |     4 |       ||     4
       Bite              |     5 |     3 ||     8
       Dagger            |    38 |    13 ||    51
       Punch             |     1 |       ||     1
 Cast: Necrotise         |    66 |    13 ||    79
 Stab: Sleeping          |     5 |       ||     5
Armor: Robe              |    15 |     2 ||    17
Dodge: Dodged            |    31 |    16 ||    47
